 Dungeon Crawl Stone Soup version 0.16.2-12-gd0ad4c3 (webtiles) character file.

103 deKoprolKing the Skirmisher (level 4, -4/40 HPs)
             Began as a Hill Orc Fighter on Oct 1, 2015.
             Slain by Grinder (6 damage)
             ... on level 3 of the Dungeon.
             The game lasted 00:23:47 (2874 turns).

deKoprolKing the Skirmisher (Hill Orc Fighter)      Turns: 2874, Time: 00:23:48

Health: -4/40      AC:  5    Str: 19    XL:     4   Next: 79%
Magic:  4/4        EV:  8    Int:  8    God:
Gold:   169        SH:  9    Dex: 10    Spells: 0 memorised, 3 levels left

rFire  . . .     SeeInvis .     a - +0 flail
rCold  . . .     Clarity  .     t - +0 ring mail
rNeg   . . .     SustAb   .     c - +0 shield
rPois  .         Gourm    .     (no helmet)
rElec  .         Spirit   .     (no cloak)
rCorr  .         Warding  .     (no gloves)
rMut   .         Stasis   .     (no boots)
MR     .....                    (no amulet)
Stlth  ..........               (no ring)
                                (no ring)

@: not resistant to hostile enchantments, extremely unstealthy
A: no striking features
a: no special abilities


You were on level 3 of the Dungeon.
You were not hungry.

You visited 1 branch of the dungeon, and saw 3 of its levels.

You collected 169 gold pieces.

Inventory:

Hand weapons
 a - a +0 flail (weapon)
 n - a +0 hunting sling
 p - a +0 spear
 q - a +0 short sword
 s - a +0 whip
 u - a +1 hunting sling of flaming
Missiles
 h - 18 stones
 l - 33 arrows (quivered)
 o - 6 tomahawks
 v - 15 poisoned needles
Armour
 b - a +0 scale mail
 c - a +0 shield (worn)
 t - a +0 ring mail (worn)
 z - a +0 scale mail
Jewellery
 x - a +3 ring of evasion {unknown}
Scrolls
 d - 7 scrolls of identify {unknown}
 g - a scroll of enchant weapon {unknown}
 m - 3 scrolls of remove curse {unknown}
 y - 3 scrolls of immolation {unknown}
 A - a scroll of blinking {unknown}
Potions
 e - a potion of might
 j - 2 potions of curing
 k - a potion of magic {unknown}
 r - a potion of restore abilities {unknown}
 w - a potion of poison {unknown}
Comestibles
 i - a beef jerky


   Skills:
 + Level 4.2 Fighting
 + Level 2.9 Maces & Flails
 + Level 0.4 Throwing
 + Level 3.9 Armour
 + Level 1.2 Dodging
 + Level 0.1 Stealth
 + Level 4.0 Shields


You had 3 spell levels left.
You didn't know any spells.

Dungeon Overview and Level Annotations

Branches:
Dungeon (3/15)

Altars:

Annotations:
D:3 Grinder


Message History

Grinder is heavily wounded.
Grinder barely misses you. You block Grinder's attack.
You hit Grinder.
Grinder is heavily wounded.
Grinder gestures at you.
You suddenly lose the ability to move!
Grinder hits you.
You writhe in agony.
Grinder gestures at you. You resist with significant effort. Grinder hits you.
* * * LOW HITPOINT WARNING * * *
You writhe in agony.
* * * LOW HITPOINT WARNING * * *
You can move again.
You closely miss Grinder.
Grinder is heavily wounded.
Grinder hits you.
* * * LOW HITPOINT WARNING * * *
You writhe in agony.
You die...

#...#..............#
##+#...#..............#
#......#...............
#......#...............
+...###...>..#####.....
#...# #.##.......#....#
#...# #.##.......#....#
##+#...###'#+.......#....#
#.....(.(@5.........####..
+...................'..'..
#...##..............####..
##........................
#####
.............#.....##.....
##....
........######.....##.....
..... ........
+.....+...... .....
.......... #.....####...
....# ..........
###.....####...


You could see Grinder.

Vanquished Creatures
  3 adders (D:2)
  2 worms (D:2)
  2 giant geckos
  An orc (D:3)
  6 bats
  9 hobgoblins
  A ball python (D:2)
  2 giant cockroaches (D:1)
  3 giant newts
  4 goblins
  6 jackals
  15 kobolds
  6 rats
60 creatures vanquished.

Notes
Turn   | Place    | Note
--------------------------------------------------------------
     0 | D:1      | deKoprolKing, the Hill Orc Fighter, began the quest for the Orb.
     0 | D:1      | Reached XP level 1. HP: 19/19 MP: 1/1
   824 | D:1      | Reached XP level 2. HP: 27/27 MP: 2/2
  1268 | D:2      | Reached skill level 4 in Fighting
  1338 | D:2      | Reached XP level 3. HP: 33/33 MP: 3/3
  1729 | D:2      | Reached XP level 4. HP: 32/40 MP: 4/4
  1954 | D:2      | Reached skill level 1 in Dodging
  2816 | D:3      | Noticed Grinder
  2870 | D:3      | Paralysed by Grinder for 4 turns
  2874 | D:3      | HP: 2/40 [Grinder (3)]
  2874 | D:3      | Slain by Grinder

Action                   |  1- 3 |  4- 6 || total
-------------------------+-------+-------++-------
Melee: Flail             |   145 |   102 ||   247
  Use: Potion            |     2 |     2 ||     4
  Eat: Meat ration       |     1 |       ||     1
       Bread ration      |       |     1 ||     1
